 Dungeon Crawl Stone Soup version 0.31-a0-1467-g53b6572 (webtiles) character file.

Game seed: 4806469590930730597

4955 samfromsteam the Protected (level 10, -1/91 HPs)
             Began as a Minotaur Fighter on Dec 28, 2023.
             Was a Believer of the Shining One.
             Killed from afar by a gargoyle (18 damage)
             ... with a stone arrow
             ... on level 9 of the Dungeon.
             The game lasted 00:16:36 (8941 turns).

samfromsteam the Protected (Minotaur Fighter)       Turns: 8941, Time: 00:16:36

Health: -1/91      AC: 12    Str: 29    XL:     10   Next: 28%
Magic:  6/9        EV: 10    Int:  7    God:    the Shining One [**....]
Gold:   500        SH:  6    Dex: 10    Spells: 9/9 levels left

rFire   . . .        p - +0 scythe (flame)
rCold   . . .        (shield currently unavailable)
rNeg    + . .        G - +0 chain mail
rPois   +            (helmet restricted)
rElec   .            (no cloak)
rCorr   .            (no gloves)
SInv    .            k - +0 pair of boots
Will    .....        (no amulet) Stlth
                     B - +6 ring of strength
HPRegen 0.35/turn    t - ring of poison resistance
MPRegen 0.11/turn

%: no passive effects
@: divinely shielded, glowing
A: horns 2, retaliatory headbutt
a: Renounce Religion, Divine Shield


You were on level 9 of the Dungeon.
You worshipped the Shining One.
The Shining One was pleased with you.
You visited 2 branches of the dungeon, and saw 10 of its levels.
You also visited: Sewer.

You collected 500 gold pieces.

Inventory:

Hand Weapons
 a - a +0 war axe
 p - a +0 scythe of flaming (weapon)
 C - a +1 falchion of holy wrath
 K - a +4 halberd of freezing
 L - a +0 battleaxe
 M - a +4 battleaxe
Armour
 c - a +0 buckler
 k - a +0 pair of boots (worn)
 D - a +0 kite shield
 G - a +0 chain mail (worn)
Jewellery
 n - a ring of ice
 t - a ring of poison resistance (right hand)
 B - a +6 ring of strength (left hand)
 J - a ring of flight
 P - an amulet of reflection
 R - a +6 ring of intelligence
Wands
 r - a wand of flame (30)
 N - a wand of mindburst (13)
 O - a wand of paralysis (3)
Scrolls
 b - 2 scrolls of enchant weapon {unknown}
 e - 5 scrolls of teleportation {unknown}
 l - 3 scrolls of noise {unknown}
 m - 13 scrolls of identify {unknown}
 o - a scroll of brand weapon {unknown}
 q - 2 scrolls of revelation {unknown}
 s - 5 scrolls of amnesia {unknown}
 u - 3 scrolls of blinking {unknown}
 v - 3 scrolls of silence {unknown}
 x - a scroll of fog {unknown}
 y - 3 scrolls of vulnerability {unknown}
 A - 3 scrolls of immolation {unknown}
Potions
 d - 2 potions of might
 f - 2 potions of invisibility {unknown}
 g - 3 potions of enlightenment {unknown}
 h - 4 potions of heal wounds {unknown}
 i - a potion of degeneration {unknown}
 j - 7 potions of curing {unknown}
 w - a potion of attraction {unknown}
 z - a potion of magic {unknown}
 E - 2 potions of mutation {unknown}
 F - a potion of brilliance {unknown}
 H - 2 potions of haste {unknown}
 I - a potion of lignification {unknown}
 Q - a potion of cancellation {unknown}


   Skills:
 + Level 9.1 Fighting
 + Level 8.7(9.8) Axes
 + Level 7.0(9.0) Polearms
 + Level 9.2 Armour
 + Level 3.8 Dodging
 - Level 8.0 Shields


You had 9 spell levels left.
You didn't know any spells.
Your spell library contained the following spells:

 Spells                   Type           Power      Damage    Failure   Level
 Lesser Beckoning         Tloc           0%         N/A       94%         2
 Gell's Gravitas          Tloc           0%         N/A       99%         3
 Summon Ice Beast         Ice/Summ       0%         N/A       99%         3
 Teleport Other           Tloc           0%         N/A       99%         3
 Summon Mana Viper        Hex/Summ       0%         N/A       100%        5
 Monstrous Menagerie      Summ           0%         N/A       100%        7


Dungeon Overview and Level Annotations

Branches:
Dungeon (9/15)             Temple (1/1) D:4           Sewer (visited)
   Lair: D:8-11         Orc: D:9-12

Altars:
Ashenzari
Cheibriados
Dithmenos
Elyvilon
Fedhas
Gozag
Hepliaklqana
Kikubaaqudgha
Makhleb
Nemelex Xobeh
Okawaru
Qazlal
Ru
Sif Muna
Trog
Uskayaw
Vehumet
Wu Jian
Xom
Yredelemnul
Zin
The Shining One

Shops:
D:4 :

Annotations:
D:9 2 runed translucent doors


Innate Abilities, Weirdness & Mutations

You have a pair of horns on your head.
You reflexively headbutt those who attack you in melee.


Message History

A centaur comes into view.
The centaur shouts!
You hear a bellow!
The centaur wields a +0 shortbow.
The centaur shoots an arrow.
The arrow barely misses you.
The centaur unwields a +0 shortbow.
The centaur barely misses you. x2
You puncture the centaur! You burn the centaur.
The centaur is heavily wounded.
The centaur closely misses you. You furiously retaliate!
You headbutt the centaur. The centaur kicks you.
You slice the centaur!! You burn the centaur.
You kill the centaur!
Your base Polearms skill increases to level 7!
A catoblepas comes into view.
You see here a +0 shortbow.
The catoblepas bellows!
You hit the catoblepas but do no damage.
The catoblepas gores you!!
The catoblepas gores you but does no damage.
The catoblepas attacks as it pursues you!
The catoblepas gores you.
The catoblepas attacks as it pursues you!
The catoblepas gores you!
Okay, then.
You slash the catoblepas! You burn the catoblepas. You headbutt the catoblepas!
The catoblepas is heavily wounded.
The catoblepas gores you!
You hit the catoblepas. You burn the catoblepas.
The catoblepas is heavily wounded.
The catoblepas gores you!!
* * * LOW HITPOINT WARNING * * *
You hit the catoblepas but do no damage.
The catoblepas is heavily wounded.
The catoblepas gores you but does no damage.
A divine shield forms around you!
The catoblepas breathes a plume of calcifying dust at you.
The blast of calcifying dust hits you but does no damage.
A gargoyle comes into view. It is wielding a +0 flail.
The gargoyle hurls a stone arrow at you.
The stone arrow hits you!!
You die...

..g.
#.....##.....##.......
.g.
....#.####.###.......#
...
..###..##..###.....###
#..#...##...### .
#...#.....### D ..
##..#...### +K ...
####......## #h
.....###..#....###
.........ยง@..###
.....##.Y..###
.......).###
......9### ...^...
.....#. .....#. ....
#. ... ..


You could see a catoblepas and a gargoyle.

Vanquished Creatures
  2 hornets (D:9)
  Sigmund (D:3)
  A steam dragon (D:6)
  A water moccasin (D:5)
  2 sky beasts
  2 black bears
  An ogre (D:5)
  5 centaurs
  3 phantoms
  A kobold brigand (D:6)
  3 gnoll sergeants
  6 bullfrogs
  2 brain worms (Sewer)
  16 wights (D:8)
  5 howler monkeys
  An electric eel (D:6)
  3 bombardier beetles
  2 hounds (D:5)
  4 orc priests
  3 jellies
  A sleepcap (D:8)
  Jessica (D:2)
  3 gnoll boudas
  4 iguanas
  2 orc wizards
  34 gnolls
  13 adders
  3 river rats
  2 shadow imps
  A white imp (D:5)
  A worm (D:3)
  2 dart slugs
  16 orcs
  4 ball pythons
  9 bats
  7 endoplasms
  4 giant cockroaches
  7 goblins
  6 hobgoblins
  8 jackals (D:2)
  4 quokkas
  7 frilled lizards
  6 kobolds
  6 rats
215 creatures vanquished.

Vanquished Creatures (others)
  A vampire mosquito (D:9)
  A dart slug (D:5)
2 creatures vanquished.

Grand Total: 217 creatures vanquished

Notes
Turn   | Place    | Note
-------+----------+-------------------------------------------
     0 | D:1      | samfromsteam the Minotaur Fighter began the quest for the
                  | Orb.
     0 | D:1      | Reached XP level 1. HP: 19/19 MP: 0/0
    97 | D:1      | Reached XP level 2. HP: 24/27 MP: 1/1
   905 | D:2      | Reached XP level 3. HP: 31/33 MP: 2/2
  1301 | D:1      | Reached XP level 4. HP: 22/41 MP: 3/3
  1409 | D:2      | Noticed Jessica
  1436 | D:2      | Killed Jessica
  1702 | D:2      | Identified the +0 robe "Forget-Me-Not" {-Tele rC++ Int+2
                  | Dex+3}
  1814 | D:2      | Reached XP level 5. HP: 47/47 MP: 4/4
  2063 | D:3      | Noticed Sigmund
  2068 | D:3      | Killed Sigmund
  2069 | D:3      | Reached skill level 5 in Fighting
  2069 | D:3      | Reached skill level 5 in Armour
  2069 | D:3      | Reached skill level 5 in Shields
  2069 | D:3      | Reached XP level 6. HP: 56/56 MP: 5/5
  3275 | D:4      | Reached XP level 7. HP: 52/62 MP: 6/6
  3377 | D:4      | Found Jahurgh's Book Shop.
  3509 | D:4      | Found a staircase to the Ecumenical Temple.
  3566 | Temple   | Entered the Ecumenical Temple
  3582 | Temple   | Became a worshipper of the Shining One
  3613 | D:5      | Entered Level 5 of the Dungeon
  3623 | D:5      | Reached skill level 5 in Axes
  3725 | D:5      | Reached skill level 1 in Polearms
  4165 | D:5      | Found a shimmering altar of Xom.
  4424 | D:5      | Reached XP level 8. HP: 71/71 MP: 7/7
  5224 | D:6      | Found a shadowy altar of Dithmenos.
  5467 | D:6      | Found a white marble altar of Elyvilon.
  5581 | D:6      | Found a glowing drain.
  5585 | Sewer    | Entered a sewer
  5688 | Sewer    | Reached XP level 9. HP: 74/79 MP: 6/8
  6111 | D:6      | Found a broken altar of Ashenzari.
  6136 | D:6      | Found a radiant altar of Vehumet.
  6136 | D:6      | Found a sparkling altar of Nemelex Xobeh.
  6138 | D:6      | Found a hide-covered altar of Uskayaw.
  6140 | D:6      | Found a basalt altar of Yredelemnul.
  6164 | D:6      | Reached * piety under the Shining One
  6449 | D:7      | Reached skill level 5 in Polearms
  7092 | D:7      | Reached skill level 1 in Dodging
  7479 | D:8      | HP: 7/76 [wight/+4 halberd of freezing (1)]
  7820 | D:8      | Reached ** piety under the Shining One
  8065 | D:8      | Reached XP level 10. HP: 89/89 MP: 9/9
  8720 | D:9      | Found a runed translucent door.
  8720 | D:9      | Noticed a boulder beetle
  8721 | D:9      | Found a runed translucent door.
  8721 | D:9      | Noticed a purple ugly thing
  8831 | D:9      | Found an ornate altar of the Wu Jian Council.
  8933 | D:9      | Noticed a catoblepas
  8940 | D:9      | Noticed a gargoyle
  8941 | D:9      | Killed from afar by a gargoyle

Illustrated notes

Levels and vault maps discovered:
D:1:      erik_arrival_blinker_ship, layout_basic, interstate_on_off,
          nrook_campfire
D:2:      layout_loops_corners, dreamdust_princess_corridor,
          kennysheep_generic_room_2, uniq_jessica
D:3:      layout_loops_corners, uniq_sigmund
D:4:      layout_cave_pools, minmay_temple_entry_overgrown, serial_shops,
          nicolae_shop_waterfront
D:5:      layout_basic, xom_confusion_cloud
D:6:      layout_cave_pools, ashenzari_altar_1, nicolae_elyvilon_temple_path,
          overflow_temple_1_default, minitemple, gup_sewer_entry_bowl,
          minmay_fractal_squares_5
D:7:      layout_basic
D:8:      layout_loops_cross
D:9:      minmay_the_grid_triangle_9x9_recursive_2
          [minmay_the_grid_triangle_9x9_prize_top_heavy,
          minmay_the_grid_triangle_9x9_cache,
          minmay_the_grid_triangle_9x9_fully_insulated_deathbox,
          minmay_the_grid_triangle_9x9_windchime], layout_cave_pools,
          nzn_wu_jian_contemplation, serial_shops, shop,
          minmay_gold_behind_fungi
Temple:   nicolae_temple_god_jail

Skill      XL: |  1  2  3  4  5  6  7  8  9 10 |
---------------+-------------------------------+-----
Fighting       | 4 5 6 7 8 9 |  9.1
Armour         | 4 5 6 7 8 9 |  9.2
Shields        | 4 5 6 7 8 |  8.0
Axes           | 3 4 5 6 8 |  8.7
Polearms       | 2 4 6 7 |  7.0
Dodging        | 3 |  3.8

Action                     |  1- 3 |  4- 6 |  7- 9 | 10-12 || total
---------------------------+-------+-------+-------+-------++-------
  Melee: War axe           |    69 |    41 |       |       ||   110
         Headbutt          |     6 |    11 |    34 |     9 ||    60
         Halberd           |       |    75 |   297 |    58 ||   430
 Invoke: Divine Shield     |       |       |     1 |     1 ||     2
 Armour: Scale mail        |    65 |    64 |    89 |       ||   218
         Chain mail        |       |       |   113 |    53 ||   166
  Dodge: Dodged            |    41 |    47 |   123 |    19 ||   230
  Block: Buckler           |    20 |     8 |       |       ||    28
         Other             |       |       |     7 |       ||     7

Table legend: (Time is in decaauts)
 A = Elapsed time spent in this place.
 B = Non-inter-level travel time spent in this place.
 C = Inter-level travel time spent in this place.
 D = Time resting spent in this place.
 E = Time spent auto-exploring this place.
 F = Levels seen in this place.
 G = Mean time per level.
                   A        B        C        D        E       F      G
               +--------+--------+--------+--------+--------+-----+--------+
         Total |   9142 |   8737 |    405 |   1085 |   6038 |  11 |  831.1 |
       Dungeon |   8668 |   8293 |    375 |   1061 |   5769 |   9 |  963.1 |
        Temple |     30 |      1 |     29 |      0 |      0 |   1 |   30.0 |
         Sewer |    443 |    443 |      0 |     24 |    269 |   1 |  443.0 |
               +--------+--------+--------+--------+--------+-----+--------+

Top non-repeatable levels by time:
     D:8: 1490 daAuts
     D:5: 1316 daAuts
     D:2: 1059 daAuts
     D:1: 1007 daAuts
     D:6: 983 daAuts
     D:7: 951 daAuts
     D:3: 933 daAuts
     D:4: 767 daAuts
   Sewer: 443 daAuts
     D:9: 158 daAuts
  Temple: 30 daAuts
